 Dungeon Crawl Stone Soup version 0.20-a0-38-g7d30548 (webtiles) character file.

394 Faca the Skirmisher (level 6, -9/57 HPs)
             Began as a Minotaur Abyssal Knight on Nov 11, 2016.
             Was a Believer of Lugonu.
             Mangled by a gnoll
             ... wielding a cursed +0 halberd
              (11 damage)
             ... on level 4 of the Dungeon.
             The game lasted 00:21:16 (2709 turns).

Faca the Skirmisher (Minotaur Abyssal Knight)       Turns: 2709, Time: 00:21:16

Health: -9/57      AC:  5    Str: 17    XL:     6   Next: 52%
Magic:  6/6        EV: 11    Int:  9    God:    Lugonu [**....]
Gold:   117        SH:  0    Dex: 11    Spells: 0 memorised, 5 levels left

rFire  . . .     SeeInvis +     a - +1 falchion
rCold  . . .     Gourm    .     f - +0 ring mail
rNeg   . . .     Faith    .     (no shield)
rPois  .         Spirit   .     (helmet restricted)
rElec  .         Reflect  .     (no cloak)
rCorr  .         Harm     .     (no gloves)
MR     .....                    (no boots)
Stlth  ++........               (no amulet)
                                n - ring of stealth
                                b - ring of see invisible

@: lethally poisoned (-9 -> -10), about to teleport
A: retaliatory headbutt, horns 2
a: Depart the Abyss, Bend Space, Renounce Religion


You were on level 4 of the Dungeon.
You worshipped Lugonu.
Lugonu was pleased with you.
You were not hungry.

You visited 1 branch of the dungeon, and saw 4 of its levels.
You visited the Abyss 1 time.

You collected 117 gold pieces.

Inventory:

Hand Weapons
 a - a +1 falchion (weapon)
Armour
 f - a +0 ring mail (worn)
Jewellery
 b - a ring of see invisible (left hand)
 k - an uncursed ring of protection from fire
 n - a ring of stealth (right hand)
Scrolls
 c - a scroll of identify
 h - a scroll of fog
Potions
 d - a potion of brilliance {unknown}
 g - a potion of mutation {unknown}
 i - a potion of agility {unknown}
 m - a potion of berserk rage {unknown}
 o - a potion of heal wounds {unknown}
 p - a potion of curing {unknown}
Comestibles
 j - a meat ration
 l - a beef jerky


   Skills:
 + Level 6.1 Fighting
 + Level 5.0 Long Blades
 + Level 4.1 Armour
 + Level 1.9 Dodging
 - Level 1.0 Stealth
 + Level 2.3 Invocations


You had 5 spell levels left.
You didn't know any spells.

Dungeon Overview and Level Annotations

Branches:
Dungeon (4/15)
 Temple: D:4-7

Altars:
Ashenzari
Elyvilon
Gozag
Kikubaaqudgha
Nemelex Xobeh
Qazlal
Sif Muna
Yredelemnul
The Shining One


Innate Abilities, Weirdness & Mutations

You reflexively headbutt those who attack you in melee.
You have a pair of horns on your head.


Message History

The gnoll hits you from afar with a halberd.
The orc hits you but does no damage.
You hit the orc but do no damage. You headbutt the orc.
You kill the orc!
Lugonu accepts your kill.
The gnoll hits you from afar with a halberd.
You feel sick. The gnoll closely misses you.
You feel sick. The gnoll hits you with a halberd.
* * * LOW HITPOINT WARNING * * *
You barely miss the gnoll. The gnoll hits you with a halberd.
* * * LOW HITPOINT WARNING * * *
You hit the gnoll.
The gnoll is moderately wounded.
You feel sick. The gnoll hits you with a halberd.
* * * LOW HITPOINT WARNING * * *
Unknown command.
As you read the scroll of teleportation, it crumbles to dust.
You feel strangely unstable. The gnoll hits you with a halberd!
You die...

..####....# #..........
#####...## ##.## #.#
#.## . #####..##
....######## #........
....gog@...# #.....≈≈.
....######.#####....≈≈≈≈
. #.........##≈#≈
#######...#≈≈≈≈
#...#≈>.≈ #.≈≈≈≈_⌠≈
#..≈≈≈≈≈≈ #..≈≈#≈##
#..≈≈...≈


You could see 2 gnolls and an orc.

Vanquished Creatures
  Sigmund (D:2)
  The ghost of TimeCube the Slasher, an amateur HaFi (D:3)
  2 worker ants (D:4)
  2 adders
  2 gnolls (D:4)
  An ooze (D:3)
  4 worms
  A dart slug (D:1)
  2 leopard geckos
  6 orcs
  5 giant cockroaches
  8 goblins
  6 hobgoblins
  4 kobolds
  A ball python (D:1)
  4 bats
  7 frilled lizards
  3 rats
60 creatures vanquished.

Notes
Turn   | Place    | Note
-------+----------+-------------------------------------------
     0 | Abyss:1  | Faca the Minotaur Abyssal Knight began the quest for the Orb.
     0 | Abyss:1  | Reached XP level 1. HP: 19/19 MP: 1/1
   123 | Abyss:1  | Noticed an iron imp
   126 | Abyss:1  | Noticed a small abomination
   128 | D:1      | Escaped the Abyss
   315 | D:1      | Reached skill level 4 in Fighting
   317 | D:1      | Reached XP level 2. HP: 25/27 MP: 2/2
   333 | D:1      | Reached * piety under Lugonu
   684 | D:2      | Noticed Sigmund
   698 | D:2      | Killed Sigmund
   698 | D:2      | Reached skill level 5 in Fighting
   698 | D:2      | Reached XP level 3. HP: 10/36 MP: 3/3
   698 | D:2      | Reached XP level 4. HP: 11/42 MP: 4/4
   698 | D:2      | Reached XP level 5. HP: 13/48 MP: 5/5
  1612 | D:2      | Found an opulent altar of Gozag.
  1620 | D:2      | Found a glowing golden altar of the Shining One.
  1622 | D:2      | Found an ancient bone altar of Kikubaaqudgha.
  1622 | D:2      | Found a shattered altar of Ashenzari.
  1622 | D:2      | Found a basalt altar of Yredelemnul.
  1624 | D:2      | Found a sparkling altar of Nemelex Xobeh.
  1627 | D:2      | Found a deep blue altar of Sif Muna.
  1825 | D:3      | Reached ** piety under Lugonu
  2071 | D:3      | Noticed TimeCube's ghost (amateur HaFi)
  2082 | D:3      | Killed TimeCube's ghost
  2082 | D:3      | Reached skill level 1 in Stealth
  2082 | D:3      | Reached XP level 6. HP: 34/57 MP: 6/6
  2091 | D:3      | Found a white marble altar of Elyvilon.
  2623 | D:4      | Reached skill level 6 in Fighting
  2637 | D:4      | Found a stormy altar of Qazlal.
  2700 | D:4      | Reached skill level 5 in Long Blades
  2708 | D:4      | HP: 2/57 [gnoll/halberd (6)]
  2709 | D:4      | Mangled by a gnoll

Vault maps used:
D:1:      dpeg_chamrin_arrival_tetris, columned_hall_lemuel,
          kennysheep_minor_cross, hangedman_decor_clover_reticule,
          corexii_leaking_fountain, st_stairs_1, lemuel_flame_loot_1
D:2:      minitemple, uniq_sigmund
D:3:      old_standard_altar
D:4:      lightli_temple_of_fire, serial_shops, nicolae_shop_trees, first_bread,
          nicolae_qazlal_general_emergency, uniq_grinder
Abyss:1:  evilmike_abyss_exit_glass

Skill      XL: |  1  2  3  4  5  6 |
---------------+-------------------+-----
Fighting       | 4 5 6 |  6.1
Long Blades    | 4 5 |  5.0
Armour         | 3 4 |  4.1
Invocations    | 2 |  2.3
Stealth        | 1 |  1.0
Dodging        | |  1.9

Action                   |  1- 3 |  4- 6 || total
-------------------------+-------+-------++-------
Melee: Falchion          |    40 |   132 ||   172
       Headbutt          |     5 |    34 ||    39
Throw: Stone             |       |     3 ||     3
Invok: Depart the Abyss  |     1 |       ||     1
  Use: Scroll            |     4 |     6 ||    10
 Stab: Sleeping          |       |     3 ||     3
  Eat: Bread ration      |       |     1 ||     1
       Pizza             |       |     1 ||     1
Armor: Leather armour    |     3 |       ||     3
       Ring mail         |     7 |    36 ||    43
Dodge: Dodged            |    31 |    54 ||    85
       Rpst.: Falchion   |    10 |    12 ||    22
